 Dungeon Crawl Stone Soup version 0.23.0 (webtiles) character file.

Game seed: 15519472770062856656

200 Arum the Shield-Bearer (level 6, -5/50 HPs)
             Began as a Formicid Fighter on Feb 16, 2019.
             Slain by Grinder (8 damage)
             ... on level 3 of the Dungeon.
             The game lasted 00:04:34 (1749 turns).

Arum the Shield-Bearer (Formicid Fighter)           Turns: 1749, Time: 00:04:35

Health: -5/50      AC:  6    Str: 28    XL:     6   Next: 6%
Magic:  6/6        EV:  8    Int:  7    God:
Gold:   148        SH: 10    Dex: 10    Spells: 5/5 levels left

rFire    + . .     SeeInvis +   a - +0 war axe
rCold    + . .     Gourm    .   c - +0 shield
rNeg     . . .     Faith    .   b - +0 scale mail
rPois    .         Spirit   .   (helmet unavailable)
rElec    .         Reflect  .   h - scarf {rC+ rF+}
rCorr    .         Harm     .   (no gloves)
MR       .....                  (no boots)
Stlth    ..........             (no amulet)
HPRegen  0.16/turn              (no ring)
MPRegen  0.10/turn              (no ring)

@: mighty, lightly drained
A: permanent stasis, dig shafts and tunnels, four strong arms, antennae 3
a: Dig, Shaft Self


You were on level 3 of the Dungeon.
You were not hungry.

You visited 1 branch of the dungeon, and saw 3 of its levels.

You collected 148 gold pieces.

Inventory:

Hand Weapons
 a - a +0 war axe (weapon)
Armour
 b - a +0 scale mail (worn)
 c - a +0 shield (worn)
 h - a scarf of resistance (worn)
Scrolls
 e - 2 scrolls of teleportation {unknown}
 g - a scroll of noise {unknown}
 i - 2 scrolls of immolation {unknown}
 k - 4 scrolls of identify {unknown}
 l - a scroll of enchant weapon {unknown}
 q - a scroll of remove curse {unknown}
Potions
 d - a potion of might
 j - a potion of curing {unknown}
 m - a potion of invisibility {unknown}
 n - a potion of magic {unknown}
 o - a potion of brilliance {unknown}
Comestibles
 f - 4 rations
 p - 9 chunks of flesh


   Skills:
 + Level 4.8(4.6) Fighting
 + Level 3.6(3.4) Axes
 - Level 3.2(3.1) Armour
 + Level 5.2(5.0) Shields


You had 5 spell levels left.
You didn't know any spells.
Your spell library was empty.

Dungeon Overview and Level Annotations

Branches:
Dungeon (3/15)

Altars:
Cheibriados
Dithmenos
Fedhas

Annotations:
D:3 Grinder


Innate Abilities, Weirdness & Mutations

You cannot be hasted, slowed, berserked, paralysed or teleported.
You can dig through walls and to a lower floor.
Your four strong arms can wield two-handed weapons with a shield.
You have a pair of large antennae on your head. (SInv)


Message History

You miss the adder. You slash Natasha!
You kill Natasha!
Natasha screams in fury as she dies!
You have reached level 6!
Your experience leads to an increase in your attributes!
Your base attributes are Str 22, Int 7, Dex 10.
Increase (S)trength, (I)ntelligence, or (D)exterity?
You feel stronger.
Grinder blinks!
The adder bites you.
* * * LOW HITPOINT WARNING * * *
Unknown command.
Unknown command.
Unknown command.
You slash the adder!
You kill the adder!
Unknown command.
You closely miss Grinder.
Grinder is lightly wounded.
You block Grinder's attack. Grinder hits you!
You die...

..............#
..............#
..............#
..............#
.........######
.#.....S..###
<......##...##
.......####.$#
........5@...#
....##$..#####
.... ###. ...
## {


You could see Grinder.

Vanquished Creatures
  2 orc wizards (D:3)
  Natasha (D:3)
  5 adders
  A shadow imp (D:2)
  An ooze (D:2)
  A worm (D:2)
  A dart slug (D:1)
  3 leopard geckos
  4 orcs
  3 giant cockroaches
  4 goblins
  8 hobgoblins
  4 kobolds
  2 quokkas (D:2)
  4 bats
  4 frilled lizards
  6 rats
54 creatures vanquished.

Notes
Turn   | Place    | Note
-------+----------+-------------------------------------------
     0 | D:1      | Arum the Formicid Fighter began the quest for the Orb.
     0 | D:1      | Reached XP level 1. HP: 18/18 MP: 1/1
   136 | D:1      | Reached XP level 2. HP: 22/24 MP: 2/2
   320 | D:1      | Reached skill level 4 in Shields
   383 | D:1      | Found a snail-covered altar of Cheibriados.
   386 | D:1      | Reached XP level 3. HP: 20/30 MP: 3/3
   716 | D:2      | Found a blossoming altar of Fedhas.
   769 | D:2      | Reached XP level 4. HP: 35/37 MP: 4/4
   886 | D:2      | Found a shadowy altar of Dithmenos.
   891 | D:2      | Found a faded altar of an unknown god.
  1358 | D:2      | Reached XP level 5. HP: 30/42 MP: 5/5
  1616 | D:3      | Reached skill level 5 in Shields
  1735 | D:3      | Noticed Grinder
  1740 | D:3      | Noticed Natasha
  1747 | D:3      | Killed Natasha
  1747 | D:3      | Reached XP level 6. HP: 3/49 MP: 6/6
  1747 | D:3      | HP: 2/49 [adder (1)]
  1749 | D:3      | Slain by Grinder

Skill      XL: |  1  2  3  4  5 |
---------------+----------------+-----
Shields        | 4 5 |  5.2
Fighting       | 4 |  4.8
Axes           | 3 |  3.6
Armour         | |  3.2

Action                   |  1- 3 |  4- 6 || total
-------------------------+-------+-------++-------
Melee: War axe           |    92 |   104 ||   196
 Abil: Dig               |       |     1 ||     1
  Use: Potion            |       |     1 ||     1
  Eat: Chunk             |       |     3 ||     3
Armor: Scale mail        |    42 |    45 ||    87
Dodge: Dodged            |    32 |    38 ||    70
Block: Shield            |    64 |    53 ||   117
